 Dungeon Crawl Stone Soup version 0.29-a0-286-g41199d4a87 (webtiles) character file.

Game seed: 17180778141968970921

364 mopl the Magician (level 6, -3/45 HPs)
             Began as a Draconian Fire Elementalist on Mar 16, 2022.
             Slain by Pikel
             ... wielding a +2 whip of flaming
              (6 damage)
             ... on level 4 of the Dungeon.
             The game lasted 00:06:53 (3007 turns).

mopl the Magician (Draconian Fire Elementalist)     Turns: 3007, Time: 00:06:54

Health: -3/45      AC:  8    Str: 10    XL:     6   Next: 39%
Magic:  0/12       EV: 12    Int: 24    God:
Gold:   32         SH:  0    Dex: 11    Spells: 3/13 levels left

rFire   . . .      SeeInvis .   h - +2 hand axe (venom)
rCold   . . .      Faith    .   (no shield)
rNeg    . . .      Spirit   .   (body armour unavailable)
rPois   .          Reflect  .   (helmet restricted)
rElec   .          Harm     .   k - +0 cloak
rCorr   .          Rampage  .   (no gloves)
Will    .....                   l - +0 pair of boots
Stlth   ++........              (no amulet)
HPRegen 0.15/turn               z - +6 ring of intelligence
MPRegen 0.13/turn               (no ring)

@: no status effects
A: AC +6, unfitting armour, cold-blooded
a: no special abilities


You were on level 4 of the Dungeon.
You visited 1 branch of the dungeon, and saw 4 of its levels.

You collected 166 gold pieces.
You spent 134 gold pieces at shops.

Inventory:

Hand Weapons
 f - a +1 dagger of freezing
 h - a +2 hand axe of venom (weapon)
Missiles
 g - 13 poisoned darts
 p - 9 boomerangs
Armour
 k - a +0 cloak (worn)
 l - a +0 pair of boots (worn)
Jewellery
 n - a ring of fire
 s - an amulet of guardian spirit
 z - a +6 ring of intelligence (left hand)
Scrolls
 c - 4 scrolls of identify {unknown}
 d - a scroll of teleportation {unknown}
 i - 2 scrolls of immolation {unknown}
 m - a scroll of torment {unknown}
 q - 2 scrolls of enchant weapon {unknown}
 v - a scroll of silence {unknown}
 w - a scroll of blinking {unknown}
 x - a scroll of enchant armour {unknown}
 y - a scroll of fog {unknown}
Potions
 a - a potion of magic
 b - a potion of attraction {unknown}
 e - 2 potions of haste {unknown}
 j - a potion of cancellation {unknown}
 o - 2 potions of curing {unknown}
 r - a potion of degeneration {unknown}
 t - a potion of flight {unknown}
 u - 2 potions of ambrosia {unknown}


   Skills:
 - Level 1.7 Dodging
 - Level 1.7 Stealth
 * Level 4.3 Spellcasting
 * Level 4.1 Conjurations
 + Level 4.1 Fire Magic


You had 3 spell levels left.
You knew the following spells:

 Your Spells              Type           Power      Damage    Failure   Level
a - Foxfire               Conj/Fire      100%       2x1d9     1%          1
b - Scorch                Fire           48%        2d7       2%          2
c - Conjure Flame         Conj/Fire      25%        6-21      5%          3
d - Flame Wave            Conj/Fire      25%        2d7       17%         4

Your spell library contained the following spells:

 Spells                   Type           Power      Damage    Failure   Level
 Shock                    Conj/Air       60%        1d6       4%          1
 Sting                    Tmut/Pois      20%        1d4       10%         1
 Inner Flame              Hex/Fire       15%        N/A       12%         3
 Poisonous Vapours        Pois/Air       10%        N/A       14%         2
 Gell's Gravitas          Tloc           5%         N/A       28%         3
 Swiftness                Air            5%         N/A       28%         3
 Teleport Other           Tloc           5%         N/A       28%         3
 Fireball                 Conj/Fire      12%        3d7       43%         5
 Airstrike                Air            2%         N/A       67%         4
 Olgreb's Toxic Radiance  Pois           5%         N/A       67%         4
 Starburst                Conj/Fire      12%        6d5       95%         6
 Dispersal                Tloc           2%         N/A       100%        6
 Ignition                 Fire           12%        3d6       100%        8


Dungeon Overview and Level Annotations

Branches:
Dungeon (4/15)             Temple (0/1) D:4

Altars:

Shops:
D:1 ?   D:3 **:(

Annotations:
D:4 Pikel


Innate Abilities, Weirdness & Mutations

Your plain brown scales are hard. (AC +6)
You cannot fit into any form of body armour.
You are cold-blooded and may be slowed by cold attacks.


Message History

Pikel burns you. The lemure hits you!
Unknown command.
The foxfire hits the lemure!
The lemure is heavily wounded.
Pikel hits you with a +2 whip of flaming.
* * * LOW HITPOINT WARNING * * *
Pikel burns you.
* * * LOW HITPOINT WARNING * * *
The lemure closely misses you. The lemure attacks as you move away!
The lemure hits you.
* * * LOW HITPOINT WARNING * * *
The lemure attacks as you move away! The lemure closely misses you. x2
The lemure attacks as you move away! The lemure hits you.
* * * LOW HITPOINT WARNING * * *
The lemure attacks as you move away! The lemure hits you but does no damage.
Pikel attacks as you move away! Pikel barely misses you.
You aren't carrying any items that you can evoke.
Unknown command.
Okay, then.
Casting: Foxfire (safe; 1% risk of failure)
Confirm with . or Enter, or press ? or * to list all spells.
Flames lash the lemure.
The lemure is almost dead.
The lemure's fire resistance burns away.
Pikel hits you with a +2 whip of flaming.
* * * LOW HITPOINT WARNING * * *
Pikel burns you.
* * * LOW HITPOINT WARNING * * *
You aren't carrying any items that you can evoke.
Unknown command.
Pikel attacks as you move away!
Pikel hits you with a +2 whip of flaming.
* * * LOW HITPOINT WARNING * * *
Pikel burns you.
* * * LOW HITPOINT WARNING * * *
There is a stone staircase leading up here.
Pikel attacks as you move away! Pikel hits you but does no damage.
Pikel attacks as you move away!
Pikel hits you with a +2 whip of flaming.
You die...

#≈≈≈#####≈≈≈#..# #.....##.
#≈≈≈≈≈≈≈≈≈≈≈#### #####.###
#≈≈≈≈≈≈≈≈≈≈≈########### ##.###
#≈≈≈≈≈≈≈≈≈≈≈#.....)...### #.)^..
#####################...####...).
#.####...### ########..........
#..##......#####......######.....
#...).####............######.....
#.....# ######.@K555............
#.....# ##......######.....
####### ######## #..... #.....
######


You could see Pikel and 3 lemures.

Vanquished Creatures
  A phantom (D:4)
  A lemure (D:4)
  A scorpion (D:4)
  Natasha (thrice) (D:2)
  5 adders
  An adder skeleton (D:2)
  A worm (D:2)
  3 dart slugs
  6 orcs
  6 ball pythons
  7 bats
  3 bat zombies (D:2)
  3 endoplasms
  A giant cockroach (D:2)
  7 goblins
  13 hobgoblins
  7 kobolds
  6 quokkas
  3 ball python zombies (D:2)
  7 frilled lizards
  A jackal skeleton (D:2)
  A quokka skeleton (D:2)
  A quokka zombie (D:2)
  8 rats
96 creatures vanquished.

Vanquished Creatures (collateral kills)
  A foxfire (D:1)
1 creature vanquished.

Vanquished Creatures (others)
  164 foxfires
  3 withered plants (D:2)
167 creatures vanquished.

Grand Total: 264 creatures vanquished

Notes
Turn   | Place    | Note
-------+----------+-------------------------------------------
     0 | D:1      | mopl the Draconian Fire Elementalist began the quest for
                  | the Orb.
     0 | D:1      | Reached XP level 1. HP: 14/14 MP: 3/3
   106 | D:1      | Reached XP level 2. HP: 11/20 MP: 1/5
   413 | D:1      | Learned a level 2 spell: Scorch
   430 | D:1      | Found Nur Pof's Magic Scroll Shop.
   580 | D:1      | Found a faded altar of an unknown god.
   602 | D:1      | Reached skill level 2 in Conjurations
   766 | D:1      | Reached XP level 3. HP: 26/26 MP: 6/6
   854 | D:1      | Learned a level 3 spell: Conjure Flame
  1000 | D:2      | Noticed Natasha
  1015 | D:2      | Killed Natasha
  1016 | D:2      | Reached skill level 3 in Spellcasting
  1016 | D:2      | Reached XP level 4. HP: 18/33 MP: 0/8
  1453 | D:2      | Noticed Natasha
  1461 | D:2      | Killed Natasha
  1462 | D:2      | Reached skill level 3 in Conjurations
  1473 | D:2      | Reached XP level 5. HP: 32/38 MP: 2/10
  1538 | D:2      | Learned a level 4 spell: Flame Wave
  1599 | D:2      | Noticed Natasha
  1607 | D:2      | Killed Natasha
  1915 | D:3      | Found Pofug's Weapon Emporium.
  1945 | D:3      | Found Zouzas's Assorted Antiques.
  1963 | D:3      | Bought a scroll labelled UPENOS XOAVVI for 30 gold pieces
  2056 | D:3      | Found Wiutok's Book Emporium.
  2184 | D:3      | Found Zageq's Assorted Antiques.
  2205 | D:3      | Bought a murky amethyst potion for 19 gold pieces
  2205 | D:3      | Bought a red potion for 19 gold pieces
  2205 | D:3      | Bought a scroll labelled RELOAC HEGHU for 22 gold pieces
  2240 | D:3      | Bought a scroll labelled UPENOS XOAVVI for 22 gold pieces
  2240 | D:3      | Bought a scroll labelled ZARGHY ZUFOFI for 22 gold pieces
  2484 | D:4      | Noticed a phantom
  2498 | D:4      | Killed a phantom
  2499 | D:4      | Reached skill level 4 in Spellcasting
  2499 | D:4      | Reached skill level 4 in Fire Magic
  2499 | D:4      | Reached XP level 6. HP: 45/45 MP: 5/12
  2580 | D:4      | Reached skill level 4 in Conjurations
  2733 | D:4      | Noticed Pikel
  2915 | D:4      | Found a staircase to the Ecumenical Temple.
  3007 | D:4      | Slain by Pikel

Illustrated notes

Levels and vault maps discovered:
D:1:      eino_arrival_water_cross, layout_basic, serial_shops, shop,
          hellmonk_ecumenical_altar_heavens_door
D:2:      minmay_chambers_of_ones, layout_rooms, serial_undead, serial_undead_f,
          serial_undead_d, serial_undead_f, serial_undead_b, serial_undead_d,
          serial_undead_d, uniq_natasha
D:3:      layout_basic, serial_shops, nicolae_shop_trees, shop, shop, shop,
          kennysheep_generic_room_3
D:4:      layout_rooms, minmay_temple_entry_poolview, uniq_pikel

Skill      XL: |  1  2  3  4  5  6 |
---------------+-------------------+-----
Conjurations   | 2 3 4 |  4.1
Spellcasting   | 3 4 |  4.3
Fire Magic     | 4 |  4.1
Dodging        | |  1.7
Stealth        | |  1.7

Action                   |  1- 3 |  4- 6 || total
-------------------------+-------+-------++-------
Melee: Unarmed           |    24 |       ||    24
       Tailslap          |     6 |    11 ||    17
       Dagger            |    21 |    28 ||    49
       Hand axe          |       |    91 ||    91
 Cast: Foxfire           |    31 |    63 ||    94
       Scorch            |     3 |     1 ||     4
 Stab: Sleeping          |       |     2 ||     2
Armor: Skin              |    28 |    67 ||    95
Dodge: Dodged            |    40 |    98 ||   138

Table legend: (Time is in decaauts)
 A = Elapsed time spent in this place.
 B = Non-inter-level travel time spent in this place.
 C = Inter-level travel time spent in this place.
 D = Time resting spent in this place.
 E = Time spent auto-exploring this place.
 F = Levels seen in this place.
 G = Mean time per level.
                   A        B        C        D        E       F      G
               +--------+--------+--------+--------+--------+-----+--------+
         Total |   3041 |   2939 |    102 |    749 |   1367 |   4 |  760.2 |
       Dungeon |   3041 |   2939 |    102 |    749 |   1367 |   4 |  760.2 |
               +--------+--------+--------+--------+--------+-----+--------+

Top non-repeatable levels by time:
     D:2: 996 daAuts
     D:1: 875 daAuts
     D:3: 599 daAuts
     D:4: 569 daAuts
